 Dungeon Crawl Stone Soup version 0.30.0-29-ga12c61a403 (webtiles) character file.

Game seed: 7614427009620070826

288 Graphine the Sneak (level 6, -3/48 HPs)
             Began as a Merfolk Brigand on June 22, 2023.
             Was an Initiate of Dithmenos.
             Killed from afar by a white imp (7 damage)
             ... with a puff of frost
             ... on level 5 of the Dungeon.
             The game lasted 00:06:15 (3737 turns).

Graphine the Sneak (Merfolk Brigand)                Turns: 3737, Time: 00:06:18

Health: -3/48      AC:  4    Str: 11    XL:     6   Next: 31%
Magic:  7/7        EV: 13    Int: 15    God:    Dithmenos [......]
Gold:   208        SH:  0    Dex: 17    Spells: 7/7 levels left

rFire   + . .        r - +2 dagger (vamp)
rCold   . . .        (no shield)
rNeg    . . .        b - +0 robe
rPois   .            (no helmet)
rElec   .            c - +0 cloak
rCorr   +            j - +0 pair of gloves
SInv    .            (no boots)
Will    .....        (no amulet)
Stlth   +++          t - ring of Jevagoirph {rF+ rCorr Int+4}
HPRegen 0.28/turn    (no ring)
MPRegen 0.10/turn

%: no passive effects
@: flying
A: (nimble swimmer 2), mertail
a: Renounce Religion


You were on level 5 of the Dungeon.
You worshipped Dithmenos.
Dithmenos was noncommittal.
You visited 1 branch of the dungeon, and saw 5 of its levels.

You collected 208 gold pieces.

Inventory:

Hand Weapons
 a - a +2 dagger
 g - a +0 rapier
 l - a +0 heavy long sword
 r - a +2 vampiric dagger (weapon)
Missiles
 d - 7 poisoned darts (quivered)
 e - 2 curare-tipped darts
Armour
 b - a +0 robe (worn)
 c - a +0 cloak (worn)
 j - a +0 pair of gloves (worn)
Jewellery
 i - a ring of ice
 t - the ring of Jevagoirph (left hand) {rF+ rCorr Int+4}
   (You found it on level 4 of the Dungeon)

   [ring of resist corrosion]

   Int:       It affects your intelligence (+4).
   rF:        It protects you from fire.
   rCorr:     It protects you from acid and corrosion.
 v - a ring of see invisible
Scrolls
 n - 3 scrolls of teleportation {unknown}
 o - 2 scrolls of poison {unknown}
 s - a scroll of blinking {unknown}
Potions
 f - a potion of might
 h - 2 potions of flight
 k - a potion of curing {unknown}
 m - 2 potions of lignification {unknown}
 p - a potion of haste {unknown}
 q - 2 potions of brilliance {unknown}
 u - a potion of degeneration {unknown}


   Skills:
 * Level 3.9 Fighting
 + Level 3.3 Short Blades
 + Level 2.9 Throwing
 * Level 3.6 Dodging
 * Level 5.5 Stealth
 + Level 1.0 Spellcasting
 + Level 1.4 Ice Magic


You had 7 spell levels left.
You didn't know any spells.
Your spell library contained the following spells:

 Spells                   Type           Power      Damage    Failure   Level
 Cigotuvi's Dreadful Rot  Necr/Pois/Air  0%         N/A       36%         2
 Ignite Poison            Fire/Tmut/Pois 0%         N/A       58%         3
 Freezing Cloud           Conj/Ice/Air   1%         6-21      99%         5


Dungeon Overview and Level Annotations

Branches:
Dungeon (5/15)
 Temple: D:4-7

Altars:
Dithmenos
Elyvilon
Nemelex Xobeh
Ru

Shops:
D:3 (:(?


Innate Abilities, Weirdness & Mutations

((You are very nimble when in or above water. (Stealth+, EV+, Speed+++)))
Your lower body shifts to a powerful aquatic tail in water.


Message History

Pain shoots through your body!
You barely miss the shadow imp.
The shadow imp is lightly wounded.
The shadow imp barely misses you. The white imp hits you.
The white imp freezes you.
You hit the shadow imp.
The shadow imp is moderately wounded.
The shadow imp completely misses you. The white imp closely misses you.
You barely miss the shadow imp.
The shadow imp is moderately wounded.
You hit the shadow imp. You punch the shadow imp.
The shadow imp is severely wounded.
The shadow imp hits you. The white imp barely misses you.
You are too injured to fight recklessly!
You are too injured to fight recklessly!
Hit: r) +2 dagger (vamp)
Press: ? - help, Dir - move target, f - shadow imp
Aim: a shadow imp (severely wounded, about 35% to evade your +2 vampiric dagger)
You closely miss the shadow imp.
The shadow imp is severely wounded.
The shadow imp hits you. The white imp gestures at you.
The puff of frost hits you!
Hit: r) +2 dagger (vamp)
Press: ? - help, Dir - move target, f/p - shadow imp
Aim: a shadow imp (severely wounded, about 35% to evade your +2 vampiric dagger)
You hit the shadow imp but do no damage.
The shadow imp is severely wounded.
The shadow imp misses you. The white imp gestures at you.
The puff of frost hits you!
* * * LOW HITPOINT WARNING * * *
It was a potion of flight.
You feel very buoyant.
You fly up into the air.
The shadow imp shouts, "Turn tail, thou ducking clapper-clawed deadneck!"
The shadow imp closely misses you. The white imp gestures at you.
The puff of frost hits you!
You die...

##...### #..........
#.#...# #..........
#.###.## #..........
#. #..# #..........
#..###.. #..........
##.# ##. #..........
#.# ## #..55......
#.### #..@.......
##...###
###'#########.......
#.# #....P.#### #.#
#.#.....### #.#
#.#.._..... #.#
#.##....### #.#
#.##.P.## #.#
#.##...#
#.######.######


You could see a white imp and a shadow imp.

Vanquished Creatures
  2 hounds (D:4)
  2 orc priests (D:4)
  Jessica (D:3)
  5 adders (D:3)
  An ufetubus (D:4)
  A worm (D:4)
  3 dart slugs (D:1)
  6 orcs
  4 bats
  3 endoplasms
  2 giant cockroaches
  10 goblins
  9 hobgoblins
  4 jackals (D:4)
  6 kobolds
  A quokka (D:4)
  9 ball pythons
  4 frilled lizards
  7 rats
80 creatures vanquished.

Notes
Turn   | Place    | Note
-------+----------+-------------------------------------------
     0 | D:1      | Graphine the Merfolk Brigand began the quest for the Orb.
     0 | D:1      | Reached XP level 1. HP: 16/16 MP: 1/1
    84 | D:1      | Reached XP level 2. HP: 20/23 MP: 2/2
   445 | D:1      | Reached XP level 3. HP: 28/28 MP: 3/3
  1682 | D:2      | Found a faded altar of an unknown god.
  1864 | D:3      | Reached XP level 4. HP: 35/35 MP: 4/4
  1864 | D:3      | Found Tosaunt's Book Boutique.
  1864 | D:3      | Noticed a walking earthen tome
  1864 | D:3      | Noticed a walking earthen tome
  1883 | D:3      | Reached skill level 5 in Stealth
  2130 | D:3      | Found Nagum's Magic Scroll Emporium.
  2152 | D:3      | Found Neig's Antique Weapon Boutique.
  2180 | D:3      | Noticed Jessica
  2181 | D:3      | Killed Jessica
  2182 | D:3      | Reached XP level 5. HP: 41/41 MP: 5/5
  2253 | D:3      | Found Meamob's Weapon Emporium.
  2904 | D:4      | Found a sacrificial altar of Ru.
  2928 | D:4      | Reached skill level 1 in Ice Magic
  2972 | D:4      | Found a shadowy altar of Dithmenos.
  2976 | D:4      | Became a worshipper of Dithmenos the Shadowed
  3006 | D:4      | Found a white marble altar of Elyvilon.
  3243 | D:4      | Identified the ring of Jevagoirph {rF+ rCorr Int+4}
  3370 | D:4      | Reached XP level 6. HP: 14/48 MP: 7/7
  3376 | D:4      | Reached skill level 1 in Spellcasting
  3637 | D:5      | Entered Level 5 of the Dungeon
  3694 | D:5      | Found a sparkling altar of Nemelex Xobeh.
  3737 | D:5      | Killed from afar by a white imp

Illustrated notes

Levels and vault maps discovered:
D:1:      dpeg_arrival_tiny_f, layout_basic, minmay_bisected
D:2:      layout_loops_corners, serial_bayou, serial_bayou_lake_a,
          serial_bayou_crossing, serial_bayou_pond_d, serial_bayou_shore_a,
          dreamdust_ecumenical_altar_hidden_monk_grotto
D:3:      layout_loops_ring, serial_shops,
          nicolae_shop_competitors_out_of_business, shop, shop,
          nicolae_shop_mannequins, uniq_jessica
D:4:      layout_loops_cross, elyvilon_altar_5, kennysheep_little_box,
          grunt_dithmenos_smoke_and_mirrors, kennysheep_generic_room_13
D:5:      layout_basic, mainiacjoe_overflow_tiny_flanked, serial_shops, shop,
          nicolae_ossuary_entry_plus

Skill      XL: |  1  2  3  4  5  6 |
---------------+-------------------+-----
Dodging        | 2 3 |  3.6
Fighting       | 3 |  3.9
Stealth        | 5 |  5.5
Short Blades   | 3 |  3.3
Ice Magic      | 1 |  1.4
Spellcasting   | 1 |  1.0
Throwing       | |  2.9

Action                     |  1- 3 |  4- 6 || total
---------------------------+-------+-------++-------
  Melee: Dagger            |    87 |   182 ||   269
         Tailslap          |     1 |       ||     1
         Punch             |       |     3 ||     3
  Throw: Dart              |     2 |     8 ||    10
    Use: Scroll            |     3 |       ||     3
         Potion            |       |     2 ||     2
   Stab: Sleeping          |    12 |     4 ||    16
         Distracted        |     1 |       ||     1
 Armour: Robe              |     9 |    52 ||    61
  Dodge: Dodged            |    43 |   121 ||   164
